 Dungeon Crawl Stone Soup version 0.21.1-1-g345015f (webtiles) character file.

1001 JeffiDaFish the Geomancer (level 8, -1/41 HPs)
             Began as a Gargoyle Earth Elementalist on Feb 19, 2018.
             Was an Initiate of Vehumet.
             Slain by a jackal (2 damage)
             ... on level 4 of the Dungeon.
             The game lasted 00:14:23 (3609 turns).

JeffiDaFish the Geomancer (GrEE)                    Turns: 3609, Time: 00:14:24

Health: -1/41      AC: 10    Str: 12    XL:     8   Next: 20%
Magic:  0/17       EV: 12    Int: 18    God:    Vehumet [......]
Gold:   184        SH:  0    Dex: 10    Spells: 10/19 levels left

rFire    . . .     SeeInvis +   h - +3 whip (vamp)
rCold    . . .     Gourm    .   (no shield)
rNeg     + . .     Faith    .   c - +1 robe
rPois    ∞         Spirit   .   n - +0 helmet
rElec    +         Reflect  .   (no cloak)
rCorr    .         Harm     .   (no gloves)
MR       .....                  f - +0 pair of boots
Stlth    ++........             (no amulet)
HPRegen  0.13/turn              (no ring)
MPRegen  0.15/turn              j - ring of see invisible

@: no status effects
A: negative energy resistance 1, electricity resistance, unbreathing,
petrification resistance, rot immunity, AC +5
a: Renounce Religion


You were on level 4 of the Dungeon.
You worshipped Vehumet.
Vehumet was noncommittal.
You were not hungry.

You visited 1 branch of the dungeon, and saw 4 of its levels.

You collected 184 gold pieces.

Inventory:

Hand Weapons
 h - a +3 vampiric whip (weapon)
 k - a +1 dagger of speed
Missiles
 b - 17 stones (quivered)
Armour
 c - a +1 robe (worn)
 f - a +0 pair of boots (worn)
 n - a +0 helmet (worn)
Jewellery
 j - a ring of see invisible (right hand)
Scrolls
 a - a scroll of remove curse
 l - a scroll of identify
 m - a scroll of magic mapping
Potions
 i - a potion of cancellation
Books
 e - a book of Geomancy

   Spells                             Type                      Level
   a - Sandblast                      Earth                        1
   b - Passwall                       Transmutation/Earth          2
   c - Stone Arrow                    Conjuration/Earth            3
   d - Petrify                        Transmutation/Earth          4
   e - Lee's Rapid Deconstruction     Earth                        5
Comestibles
 d - 3 rations
 o - 2 chunks of flesh


   Skills:
 - Level 1.6 Dodging
 - Level 2.3 Stealth
 + Level 6.2 Spellcasting
   Level 0.7 Transmutations
 + Level 8.7 Earth Magic


You had 10 spell levels left.
You knew the following spells:

 Your Spells              Type           Power        Failure   Level  Hunger
a - Sandblast             Erth           #####.       1%          1    None
b - Stone Arrow           Conj/Erth      ###...       6%          3    ##.....
c - Lee's Rapid Deconstr  Erth           #####.....   9%          5    #####..


Dungeon Overview and Level Annotations

Branches:
Dungeon (4/15)
 Temple: D:4-7

Altars:
Elyvilon
Fedhas
Gozag
Hepliaklqana
Qazlal
Vehumet
Xom

Shops:
D:4 =


Innate Abilities, Weirdness & Mutations

You are resistant to torment.
Your stone body is resilient. (AC +5)
You are immune to poison.
You resist negative energy. (rN+)
You are resistant to electric shocks. (rElec)
You can survive without breathing.
You are immune to petrification.
You are immune to rotting.


Message History

The hound closely misses you.
The jackal bites you but does no damage.
The adder barely misses you. The hound bites you but does no damage.
Your magical contamination has completely faded away.
You closely miss the jackal. The jackal barely misses you. The adder bites you.
* * * LOW HITPOINT WARNING * * *
The hound closely misses you. The jackal closely misses you.
The adder bites you.
* * * LOW HITPOINT WARNING * * *
The hound closely misses you.
Casting: Sandblast
Confirm with . or Enter, or press ? or * to list all spells.
Aiming: Sandblast
Press: ? - help, Shift-Dir - straight line, f - hound
Aim: a hound (heavily wounded)
The blast of sand hits the hound.
The hound is almost dead.
b - 17 stones The jackal bites you.
You die...

#. #............... .##.
#............... .....
#####..............
.........##..##...........##.
..........................##.
.............##..##..##...#..
#...........##..##..##...#..
##.......##..##...#...#...#..
.........##.@##...#...#...##.
........(..Shh...##..##...##.
.............o...##..##....#.
##.........†......#...#....#.
#.......##..##...#... #.
#...##..##..# ..## #. #...
#..##..# .# #. #.. ........
.. ## #. .......... h.


You could see a hound, an adder, an orc and a jackal.

Vanquished Creatures
  The ghost of arcanemastermind the Arsonist, a novice DEFE (D:4)
  Grinder (D:3)
  An ice beast (D:3)
  The ghost of Aero the Gusty, an amateur TeAE (D:3)
  A howler monkey (D:4)
  An iguana (D:4)
  Terence (D:2)
  A worker ant (D:3)
  Robin (D:3)
  4 gnolls (D:3)
  6 adders
  3 worms (D:2)
  2 dart slugs
  A leopard gecko (D:2)
  5 orcs (D:3)
  A ball python (D:3)
  2 giant cockroaches (D:3)
  17 goblins
  19 hobgoblins
  10 jackals
  5 kobolds
  3 quokkas (D:2)
  12 bats
  9 frilled lizards
  2 rats (D:2)
110 creatures vanquished.

Notes
Turn   | Place    | Note
-------+----------+-------------------------------------------
     0 | D:1      | JeffiDaFish the Gargoyle Earth Elementalist began the quest for the Orb.
     0 | D:1      | Reached XP level 1. HP: 10/10 MP: 3/3
   114 | D:1      | Reached skill level 4 in Earth Magic
   114 | D:1      | Reached XP level 2. HP: 8/15 MP: 1/5
   809 | D:2      | Reached XP level 3. HP: 13/19 MP: 1/6
  1072 | D:2      | Learned a level 3 spell: Stone Arrow
  1143 | D:2      | Reached XP level 4. HP: 23/24 MP: 5/8
  1215 | D:2      | Reached skill level 5 in Earth Magic
  1326 | D:2      | Noticed Terence
  1445 | D:2      | Killed Terence
  1630 | D:2      | Found a blossoming altar of Fedhas.
  1630 | D:2      | Found a shimmering altar of Xom.
  2026 | D:3      | Reached XP level 5. HP: 28/28 MP: 1/10
  2035 | D:3      | Found a radiant altar of Vehumet.
  2187 | D:3      | Found a stormy altar of Qazlal.
  2272 | D:3      | Noticed Aero's ghost (amateur TeAE)
  2279 | D:3      | Killed Aero's ghost
  2279 | D:3      | Reached skill level 6 in Earth Magic
  2279 | D:3      | Reached XP level 6. HP: 29/32 MP: 2/12
  2563 | D:3      | Found an opulent altar of Gozag.
  2568 | D:3      | Became a worshipper of Vehumet
  2576 | D:3      | Found a white marble altar of Elyvilon.
  2590 | D:3      | Noticed Robin
  2630 | D:3      | Killed Robin
  2686 | D:3      | Noticed an ice beast
  2693 | D:3      | Learned a level 5 spell: Lee's Rapid Deconstruction
  2713 | D:3      | Killed an ice beast
  3133 | D:3      | Noticed Grinder
  3161 | D:3      | Killed Grinder
  3161 | D:3      | Reached skill level 5 in Spellcasting
  3161 | D:3      | Reached skill level 7 in Earth Magic
  3161 | D:3      | Reached XP level 7. HP: 32/36 MP: 3/14
  3392 | D:3      | Found a hazy altar of Hepliaklqana.
  3486 | D:4      | Reached * piety under Vehumet
  3486 | D:4      | Offered knowledge of Flame Tongue by Vehumet.
  3521 | D:4      | Found Xionykk's Jewellery Emporium.
  3572 | D:4      | Noticed arcanemastermind's ghost (novice DEFE)
  3590 | D:4      | Killed arcanemastermind's ghost
  3590 | D:4      | Reached skill level 8 in Earth Magic
  3590 | D:4      | Reached XP level 8. HP: 29/41 MP: 2/17
  3608 | D:4      | HP: 1/41 [adder (3)]
  3609 | D:4      | Slain by a jackal

Skill      XL: |  1  2  3  4  5  6  7 |
---------------+----------------------+-----
Earth Magic    | 4 5 6 7 8 |  8.7
Spellcasting   | 3 4 5 6 |  6.2
Dodging        | |  1.6
Stealth        | |  2.3
Transmutations | |  0.7

Action                   |  1- 3 |  4- 6 |  7- 9 || total
-------------------------+-------+-------+-------++-------
Melee: Unarmed           |    12 |       |       ||    12
       Dagger            |    46 |   213 |     7 ||   266
       Whip              |       |       |    13 ||    13
 Cast: Sandblast         |    34 |    59 |    19 ||   112
       Stone Arrow       |       |    12 |     3 ||    15
       Lee's Rapid Decon |       |     1 |       ||     1
  Use: Scroll            |     3 |     6 |     2 ||    11
       Potion            |     2 |     3 |       ||     5
 Stab: Sleeping          |     2 |       |     1 ||     3
  Eat: Chunk             |     1 |     9 |     1 ||    11
       Ration            |       |       |     2 ||     2
Armor: Robe              |    18 |   105 |    29 ||   152
Dodge: Dodged            |    44 |   161 |    42 ||   247
